 Dungeon Crawl Stone Soup version 0.18.1-48-g4cf74bf (webtiles) character file.

788 Enroth the Shield-Bearer (level 7, -3/37 HPs)
             Began as a Vine Stalker Fighter on June 30, 2016.
             Was a Follower of Okawaru.
             Slain by an orc warrior
             ... wielding a +0 halberd
              (13 damage)
             ... on level 6 of the Dungeon.
             The game lasted 00:16:20 (4063 turns).

Enroth the Shield-Bearer (Vine Stalker Fighter)     Turns: 4063, Time: 00:16:21

Health: -3/37      AC: 10    Str: 18    XL:     7   Next: 87%
Magic:  0/8        EV:  9    Int: 10    God:    Okawaru [*.....]
Gold:   337        SH: 14    Dex: 14    Spells: 0 memorised, 6 levels left

rFire  . . .     SeeInvis .     a - +1 war axe
rCold  . . .     Gourm    .     b - +0 scale mail
rNeg   . . .     Faith    .     c - +0 shield
rPois  .         Spirit   +     d - +2 hat
rElec  .         Dismiss  .     (no cloak)
rCorr  .         Reflect  +     v - +0 pair of gloves
SustAt .         Harm     .     (no boots)
MR     .....                    u - +4 amulet of reflection
Stlth  ..........               (no ring)
                                (no ring)

@: not resistant to hostile enchantments, extremely unstealthy
A: fangs 2, regeneration 2, magic shield, antimagic bite, no device heal 3, rot
immunity
a: Heroism, Renounce Religion


You were on level 6 of the Dungeon.
You worshipped Okawaru.
Okawaru was aware of your devotion.
You were hungry.

You visited 2 branches of the dungeon, and saw 7 of its levels.
You also visited: Sewer.

You collected 337 gold pieces.

Inventory:

Hand Weapons
 a - a +1 war axe (weapon)
Missiles
 n - 2 throwing nets (quivered)
Armour
 b - a +0 scale mail (worn)
 c - a +0 shield (worn)
 d - a +2 hat (worn)
 v - a +0 pair of gloves (worn)
Jewellery
 u - a +4 amulet of reflection (around neck)
Scrolls
 h - 2 scrolls of blinking
 i - 2 scrolls of teleportation
 k - a scroll of immolation {unknown}
 l - a scroll of random uselessness
 m - 5 scrolls of identify
 q - 4 scrolls of remove curse
 r - 4 scrolls of enchant weapon
 x - a scroll of enchant armour
 y - 2 scrolls of amnesia
Potions
 e - a potion of brilliance {unknown}
 g - 10 potions of heal wounds {unknown}
 j - 2 potions of lignification
 o - 2 potions of mutation {unknown}
 s - 8 potions of curing {unknown}
 t - a potion of degeneration {unknown}
Comestibles
 f - 4 bread rations
 p - 11 fruits
 w - a chunk of flesh
 z - 2 meat rations
 A - a slice of pizza
 B - a royal jelly


   Skills:
 + Level 4.0 Fighting
 + Level 3.7 Axes
 + Level 3.6 Armour
 + Level 2.8 Dodging
 + Level 0.6 Stealth
 + Level 4.9 Shields


You had 6 spell levels left.
You didn't know any spells.

Dungeon Overview and Level Annotations

Branches:
Dungeon (6/15)             Temple (1/1) D:5

Altars:
Dithmenos
Elyvilon
Makhleb
Nemelex Xobeh
Okawaru
Qazlal
Ru
Sif Muna
Trog
Vehumet
Yredelemnul
Zin
The Shining One


Innate Abilities, Weirdness & Mutations

You have extremely sharp teeth.
You heal very quickly.
When hurt, damage is shared between your health and your magic reserves.
Your bite disrupts and absorbs the magic of your enemies.
Potions and wands cannot restore your health.
You are immune to rotting.


Message History

The orc warrior is heavily wounded.
You block the orc warrior's attack.
You closely miss the orc warrior.
You bite the orc warrior, but do no damage.
The orc warrior is heavily wounded.
You hear the slow hiss of a distant avalanche of sand.
You block the orc warrior's attack.
You closely miss the orc warrior.
The orc warrior is heavily wounded.
The orc warrior hits you with a halberd!!
* * * LOW HITPOINT WARNING * * *
You slash the orc warrior! Your bite misses the orc warrior.
The orc warrior is almost dead.
The orc warrior closely misses you.
The orc warrior hits you with a halberd.
* * * LOW HITPOINT WARNING * * *
You hit the orc warrior.
The orc warrior is almost dead.
The orc warrior hits you with a halberd!
You die...

$. ###. ....
..#... ...
#.#.#.###..
#.........# .#
#.#...#.....# ..
.......#.##.#
#.o#).....# ##
#..@.$....#. ..
#.##[........ .
####.##.######..
#
#..............
####.
#.......#......
.......
#.......#......
...#...
#.......#......
#.#...
#######'###.####
#...##
.............#
#####...


You could see an orc warrior.

Vanquished Creatures
  Menkaure (D:6)
  A sky beast (D:4)
  An ogre (D:5)
  A crimson imp (D:5)
  A centaur zombie (D:6)
  3 orc wizards
  An iguana (D:5)
  A worker ant (D:5)
  A worker ant zombie (D:5)
  7 gnolls
  A howler monkey skeleton (D:5)
  5 river rats (D:5)
  3 adders
  2 shadow imps
  4 oozes
  A worm (D:2)
  3 dart slugs
  3 giant geckos
  9 orcs
  6 giant cockroaches
  6 goblins
  5 hobgoblins
  A jackal (D:4)
  2 quokkas
  2 ball pythons (Sewer)
  4 bats
  2 giant gecko skeletons
  4 giant newts
  18 kobolds
  A quokka zombie (D:5)
  21 rats
  A toadstool (D:1)
122 creatures vanquished.

Notes
Turn   | Place    | Note
--------------------------------------------------------------
     0 | D:1      | Enroth the Vine Stalker Fighter began the quest for the Orb.
     0 | D:1      | Reached XP level 1. HP: 11/11 MP: 2/2
   230 | D:1      | Reached XP level 2. HP: 16/16 MP: 3/3
   535 | D:1      | Reached XP level 3. HP: 19/19 MP: 4/4
  1265 | D:3      | Found a white marble altar of Elyvilon.
  1383 | D:3      | Reached XP level 4. HP: 23/24 MP: 5/5
  1938 | D:4      | Reached XP level 5. HP: 28/28 MP: 6/6
  2010 | D:4      | Found a burning altar of Makhleb.
  2231 | D:4      | Noticed a sky beast
  2239 | D:4      | Killed a sky beast
  2239 | D:4      | Reached skill level 1 in Dodging
  2325 | D:4      | Gained mutation: You heal very quickly. [Vine Stalker growth]
  2325 | D:4      | Reached XP level 6. HP: 10/32 MP: 4/7
  2335 | D:4      | Found an iron altar of Okawaru.
  2345 | D:4      | Became a worshipper of Warmaster Okawaru
  2701 | D:5      | Entered Level 5 of the Dungeon
  2872 | D:5      | Found a glowing drain.
  2876 | Sewer    | Entered a sewer
  3225 | D:5      | Reached XP level 7. HP: 37/37 MP: 8/8
  3482 | D:5      | Reached * piety under Okawaru
  3489 | D:5      | Found a staircase to the Ecumenical Temple.
  3498 | Temple   | Entered the Ecumenical Temple
  3958 | D:6      | Noticed Menkaure
  3966 | D:6      | Killed Menkaure
  4063 | D:6      | Slain by an orc warrior

Skill      XL: |  1  2  3  4  5  6  7 |
---------------+----------------------+-----
Shields        | 3 4 |  4.9
Axes           | 2 3 |  3.7
Fighting       | 3 4 |  4.0
Dodging        | 1 2 |  2.8
Armour         | 3 |  3.6
Stealth        | |  0.6

Action                   |  1- 3 |  4- 6 |  7- 9 || total
-------------------------+-------+-------+-------++-------
Melee: War axe           |    84 |   193 |    82 ||   359
       Bite              |    18 |    51 |    29 ||    98
  Use: Potion            |     1 |     1 |       ||     2
       Scroll            |       |    11 |     1 ||    12
  Eat: Chunk             |     1 |     7 |     3 ||    11
Armor: Scale mail        |    26 |    93 |    22 ||   141
Dodge: Dodged            |    16 |    54 |    20 ||    90
Block: Shield            |    39 |   156 |    59 ||   254
       Reflection        |       |     4 |       ||     4
